 Dungeon Crawl Stone Soup version 0.19.1 (webtiles) character file.

267 Drake the Slasher (level 6, 0/51 HPs)
             Began as a Draconian Gladiator on May 22, 2017.
             Succumbed to a worker ant's poison
             ... on level 4 of the Dungeon.
             The game lasted 00:16:39 (3353 turns).

Drake the Slasher (Draconian Gladiator)             Turns: 3353, Time: 00:16:39

Health: 0/51       AC:  6    Str: 18 (20) XL:     6   Next: 0%
Magic:  5/6        EV: 13    Int:  5 (8)  God:
Gold:   157        SH:  0    Dex:  9 (11) Spells: 0 memorised, 5 levels left

rFire  . . .     SeeInvis .     a - +0 long sword
rCold  . . .     Gourm    .     (armour unavailable)
rNeg   . . .     Faith    .     (no shield)
rPois  .         Spirit   .     b - +0 hat
rElec  .         Reflect  .     (no cloak)
rCorr  .         Harm     .     (no gloves)
MR     .....                    (no boots)
Stlth  +.........               (no amulet)
                                (no ring)
                                (no ring)

@: lethally poisoned (0 -> -6), very slightly contaminated
A: unfitting armour, cold-blooded, AC +6
a: no special abilities


You were on level 4 of the Dungeon.
You were not hungry.

You visited 1 branch of the dungeon, and saw 4 of its levels.

You collected 157 gold pieces.

Inventory:

Hand Weapons
 a - a +0 long sword (weapon)
Missiles
 c - 2 throwing nets (quivered)
 k - 81 arrows
 q - 25 bolts
Armour
 b - a +0 hat (worn)
 n - +0 shadow dragon scales
Scrolls
 e - 3 scrolls of identify
Potions
 i - a potion of curing
Comestibles
 d - 2 bread rations
 h - a meat ration
 j - 5 fruits
 r - a beef jerky


   Skills:
 + Level 3.6 Fighting
 * Level 5.2 Long Blades
 - Level 1.8 Throwing
 + Level 4.0 Dodging


You had 5 spell levels left.
You didn't know any spells.

Dungeon Overview and Level Annotations

Branches:
Dungeon (4/15)
 Temple: D:4-7

Altars:
Elyvilon
Fedhas
Makhleb
Qazlal
Ru
Sif Muna
Uskayaw

Annotations:
D:4 TurtleSaurus's ghost, amateur CeFi


Innate Abilities, Weirdness & Mutations

Your plain brown scales are hard. (AC +6)
You cannot fit into any form of body armour.
You are cold-blooded and may be slowed by cold attacks.


Message History

You slash the hound skeleton! You tail-slap the hound skeleton.
The hound skeleton is almost destroyed.
The hound skeleton bites you.
* * * LOW HITPOINT WARNING * * *
The hound skeleton barely misses you.
You hit the hound skeleton.
You destroy the hound skeleton!
Your Dodging skill increases to level 4!
You have reached level 6!
Your experience leads to an increase in your attributes!
Your base attributes are Str 19, Int 8, Dex 11.
Increase (S)trength, (I)ntelligence, or (D)exterity?
You feel stronger.
Your scales feel tougher.
The worker ant bites you.
* * * LOW HITPOINT WARNING * * *
The worker ant bites you!
* * * LOW HITPOINT WARNING * * *
You are lethally poisoned!
The worker ant poisons you!
You die...

#......... #
#......... ###
.####......... ..#
...#......... #.#
#.#......... #.#
#.'...(..... #.#
#.#......... #.#
#o#o.Z...... #@#
#..oo....... #.#
#oO......... #a#
#..s..../...
#W#####so.........
#...$##.########.#
#s...W..# .#
#........
#.......# #
#....##...#


You could see a worker ant, TurtleSaurus's ghost and a giant cockroach.

Vanquished Creatures
  2 killer bees (D:4)
  2 worker ants (D:4)
  A hound skeleton (D:4)
  6 adders
  3 worms (D:2)
  A leopard gecko (D:1)
  3 orcs
  2 ball pythons (D:1)
  6 giant cockroaches
  9 goblins
  3 hobgoblins
  4 jackals (D:3)
  2 bats (D:1)
  5 frilled lizards
  7 kobolds
  7 rats
63 creatures vanquished.

Notes
Turn   | Place    | Note
-------+----------+-------------------------------------------
     0 | D:1      | Drake the Draconian Gladiator began the quest for the Orb.
     0 | D:1      | Reached XP level 1. HP: 17/17 MP: 1/1
   300 | D:1      | Reached XP level 2. HP: 21/24 MP: 2/2
   759 | D:1      | Reached XP level 3. HP: 30/30 MP: 3/3
   854 | D:2      | Found a deep blue altar of Sif Muna.
   854 | D:2      | Found a blossoming altar of Fedhas.
  1158 | D:2      | Reached skill level 4 in Long Blades
  1292 | D:2      | Reached XP level 4. HP: 37/37 MP: 4/4
  1326 | D:2      | Found a stormy altar of Qazlal.
  2186 | D:3      | Noticed a hand axe
  2200 | D:3      | Found a burning altar of Makhleb.
  2248 | D:3      | Found a sacrificial altar of Ru.
  2276 | D:3      | Noticed a hand axe
  2278 | D:3      | Found a hide-covered altar of Uskayaw.
  2879 | D:4      | Reached XP level 5. HP: 35/45 MP: 5/5
  2970 | D:4      | Reached skill level 5 in Long Blades
  3337 | D:4      | Noticed TurtleSaurus's ghost (amateur CeFi)
  3338 | D:4      | Noticed an ogre
  3343 | D:4      | Found a white marble altar of Elyvilon.
  3352 | D:4      | Reached XP level 6. HP: 14/51 MP: 4/6
  3352 | D:4      | HP: 1/51 [worker ant (8)]
  3353 | D:4      | Succumbed to a worker ant's poison

Skill      XL: |  1  2  3  4  5 |
---------------+----------------+-----
Dodging        | 3 4 |  4.0
Long Blades    | 4 5 |  5.2
Fighting       | 3 |  3.6
Throwing       | |  1.8

Action                   |  1- 3 |  4- 6 || total
-------------------------+-------+-------++-------
Melee: Long sword        |    79 |   105 ||   184
       Tailslap          |     9 |    15 ||    24
Throw: Throwing net      |       |     1 ||     1
  Use: Potion            |       |    15 ||    15
       Scroll            |       |     8 ||     8
 Stab: Sleeping          |     1 |     1 ||     2
  Eat: Bread ration      |     1 |     1 ||     2
Armor: Skin              |    24 |    51 ||    75
Dodge: Dodged            |    57 |    82 ||   139
       Rpst.: Long sword |    15 |    32 ||    47
